 Dungeon Crawl Stone Soup version 0.23.2-33-g5129a83184 (webtiles) character file.

Game seed: 8804661920913760120

127 kae the Ruffian (level 5, -3/44 (46) HPs)
             Began as a Ghoul Monk on July 19, 2019.
             Slain by an orc priest
             ... wielding a +0 trident
              (7 damage)
             ... on level 3 of the Dungeon.
             The game lasted 00:03:25 (2174 turns).

kae the Ruffian (Ghoul Monk)                        Turns: 2174, Time: 00:03:26

HP:   -3/44 (46)    AC:  2    Str: 15    XL:     5   Next: 11%
MP:   4/4           EV: 19    Int:  5    God:
Gold: 122           SH:  0    Dex: 17    Spells: 4/4 levels left

rFire    x . .     SeeInvis .     - Unarmed
rCold    + + .     Gourm    .   (no shield)
rNeg     + + +     Faith    .   a - +0 robe
rPois    ∞         Spirit   .   (no helmet)
rElec    .         Reflect  .   (no cloak)
rCorr    .         Harm     .   (no gloves)
MR       .....                  (no boots)
Stlth    +++.......             (no amulet)
HPRegen  0.00/turn              i - ring of ice
MPRegen  0.09/turn              (no ring)

@: agile, rotting
A: rotting body, claws 1, carnivore, cold resistance 1, negative energy
resistance 3, inhibited regeneration, torment resistance, unbreathing
a: no special abilities


You were on level 3 of the Dungeon.
You were not hungry.

You visited 1 branch of the dungeon, and saw 3 of its levels.

You collected 122 gold pieces.

Inventory:

Armour
 a - a +0 robe (worn)
Jewellery
 i - a ring of ice (left claw)
Scrolls
 d - a scroll of amnesia
 f - 2 scrolls of remove curse
 j - 3 scrolls of fog
Potions
 c - a potion of curing
 e - 4 potions of heal wounds
 g - a potion of brilliance
Comestibles
 b - 6 rations


   Skills:
 + Level 4.1 Fighting
 + Level 3.4 Dodging
 - Level 3.0 Stealth
 * Level 4.6 Unarmed Combat


You had 4 spell levels left.
You didn't know any spells.
Your spell library was empty.

Dungeon Overview and Level Annotations

Branches:
Dungeon (3/15)

Altars:


Innate Abilities, Weirdness & Mutations

Your body is rotting away.
You thrive on raw meat.
You are immune to poison.
You have sharp fingernails.
You are carnivorous and can eat meat at any time.
Your flesh is cold resistant. (rC+)
You are immune to negative energy. (rN+++)
You do not regenerate when monsters are visible.
You are immune to unholy pain and torment.
You can survive without breathing.


Message History

You barely miss something. Something barely misses you.
Something hits you but does no damage.
You claw something!
Reactivating autopickup.
You have reached level 5!
You feel stronger.
You feel a bit more experienced.
You scratch the orc.
The orc is heavily wounded.
The orc priest calls down the wrath of Beogh upon you.
Beogh smites you!
* * * LOW HITPOINT WARNING * * *
The orc completely misses you.
You completely miss the orc.
The orc is moderately wounded.
The orc closely misses you.
You scratch the orc.
The orc is almost dead.
The orc priest hits you from afar with a +0 trident!
You die...

#######....#.#..#.#
..........÷#.##.#.#
#########...#.##.#.#
........#<..#.##.#.#
######......#....#.#
.############.#######.#
.^...........)........#
.############.#########
#@# #o# #o# #o# #.# #.#
#.# ...


o.o You could see an orc priest and 2 orcs.

Vanquished Creatures
  An orc wizard (D:3)
  4 adders
  3 worms (D:2)
  A dart slug (D:1)
  4 leopard geckos
  An orc (D:3)
  10 goblins
  3 hobgoblins
  3 jackals (D:1)
  9 kobolds
  A quokka (D:2)
  4 frilled lizards
  8 rats
52 creatures vanquished.

Notes
Turn   | Place    | Note
-------+----------+-------------------------------------------
     0 | D:1      | kae the Ghoul Monk began the quest for the Orb.
     0 | D:1      | Reached XP level 1. HP: 19/19 MP: 0/0
   146 | D:1      | Reached XP level 2. HP: 24/26 MP: 1/1
   698 | D:1      | Reached XP level 3. HP: 31/31 MP: 2/2
  1529 | D:2      | Reached XP level 4. HP: 35/40 MP: 3/3
  2171 | D:3      | Reached XP level 5. HP: 19/44 MP: 4/4
  2174 | D:3      | Slain by an orc priest

Skill      XL: |  1  2  3  4 |
---------------+-------------+-----
Dodging        | 3 |  3.4
Stealth        | 3 |  3.0
Unarmed Combat | 4 |  4.6
Fighting       | 4 |  4.1

Action                   |  1- 3 |  4- 6 || total
-------------------------+-------+-------++-------
Melee: Unarmed           |    99 |    93 ||   192
       Punch             |     3 |     1 ||     4
  Use: Scroll            |     2 |     7 ||     9
       Potion            |       |     2 ||     2
 Stab: Sleeping          |    10 |     1 ||    11
  Eat: Chunk             |     6 |    15 ||    21
Armor: Robe              |     5 |    10 ||    15
Dodge: Dodged            |    48 |    67 ||   115
